 Dungeon Crawl Stone Soup version 0.30-a0-591-g3c58d2bc28 (webtiles) character file.

Game seed: 17079912679489433027

1080 spardeous the Nimble (level 8, -2/31 HPs)
             Began as a Felid Earth Elementalist on Jan 6, 2023.
             Killed from afar by a steam dragon (11 damage)
             ... with a ball of steam
             ... on level 6 of the Dungeon.
             The game lasted 00:10:59 (6027 turns).

spardeous the Nimble (Felid Earth Elementalist)     Turns: 6027, Time: 00:11:00

Health: -2/31      AC:  6    Str:  4    XL:     8   Next: 8%
Magic:  1/12       EV: 24    Int: 18    God:
Gold:   298        SH:  0    Dex: 17    Spells: 10/11 levels left
                                        Lives:  0   Deaths: 2

rFire   . . .      SeeInvis +    (weapon unavailable)
rCold   . . .      Faith    .    (shield unavailable)
rNeg    . . .      Spirit   .    (body armour unavailable)
rPois   .          Reflect  .    (helmet unavailable)
rElec   .          Harm     .    (cloak unavailable)
rCorr   .          Rampage  .    (gloves unavailable)
Will    +....                    (boots unavailable)
Stlth   ++                       (no amulet)
HPRegen 0.25/turn                r - +4 ring of protection
MPRegen 0.13/turn                (no ring)

@: quick
A: very small, claws 1, fangs 3, see invisible, speed 1, shaggy fur 2, stealthy
paws, no weapons or thrown items, no armour, multi-lived
a: no special abilities


You were on level 6 of the Dungeon.
You visited 1 branch of the dungeon, and saw 6 of its levels.

You collected 298 gold pieces.

Inventory:

Jewellery
 r - a +4 ring of protection (left paw)
Wands
 k - a wand of polymorph (7)
Scrolls
 c - 4 scrolls of enchant armour {unknown}
 d - a scroll of fog {unknown}
 e - a scroll of enchant weapon {unknown}
 f - a scroll of immolation {unknown}
 g - a scroll of noise {unknown}
 h - a scroll of torment {unknown}
 i - a scroll of silence {unknown}
 m - 5 scrolls of teleportation {unknown}
 n - 2 scrolls of blinking {unknown}
 p - 5 scrolls of identify {unknown}
 s - a scroll of fear {unknown}
Potions
 a - a potion of magic
 b - a potion of might
 j - a potion of invisibility {unknown}
 l - 3 potions of curing
 o - a potion of lignification {unknown}
 q - a potion of brilliance {unknown}
 t - a potion of flight {unknown}


   Skills:
 + Level 11.1 Dodging
 - Level 2.6 Stealth
 - Level 2.0 Spellcasting
 - Level 1.1 Transmutations
 + Level 8.1 Earth Magic


You had 10 spell levels left.
You knew the following spells:

 Your Spells              Type           Power      Damage    Failure   Level
a - Sandblast             Erth           62%        2d14      1%          1

Your spell library contained the following spells:

 Spells                   Type           Power      Damage    Failure   Level
 Passwall                 Tmut/Erth      15%        N/A       4%          2
 Stone Arrow              Conj/Erth      32%        3d9       11%         3
 Petrify                  Tmut/Erth      18%        N/A       26%         4


Dungeon Overview and Level Annotations

Branches:
Dungeon (6/15)
 Temple: D:4-7

Altars:
Makhleb

Shops:
D:3 [


Innate Abilities, Weirdness & Mutations

You have sharp claws.
You have razor-sharp teeth.
You have supernaturally acute eyesight. (SInv)
You cover ground quickly. (Speed+)
You are covered in thick fur. (AC +2)
Your paws help you pounce on unaware monsters.
You are incapable of wielding weapons or throwing items.
You cannot wear armour.
You gain extra lives every three experience levels.


Message History

Casting: Sandblast (safe; 1% risk of failure)
Confirm with . or Enter, or press ? or * to list all spells.
Aiming: Sandblast (safe; 1% risk of failure)
Press: ? - help, Shift-Dir - straight line, f/p - steam dragon
Aim: a steam dragon (severely wounded, catching its breath, 84% to hit)
The blast of sand misses the steam dragon.
You are engulfed in a cloud of scalding steam.
Casting: Sandblast (safe; 1% risk of failure)
Confirm with . or Enter, or press ? or * to list all spells.
Aiming: Sandblast (safe; 1% risk of failure)
Press: ? - help, Shift-Dir - straight line, f/p - steam dragon
Aim: a steam dragon (severely wounded, 84% to hit)
The blast of sand hits the steam dragon!
The steam dragon is almost dead.
The steam dragon breathes steam at you. The ball of steam misses you.
Casting: Sandblast (safe; 1% risk of failure)
Confirm with . or Enter, or press ? or * to list all spells.
Aiming: Sandblast (safe; 1% risk of failure)
Press: ? - help, Shift-Dir - straight line, f/p - steam dragon
Aim: a steam dragon (steam, almost dead, catching its breath, 84% to hit)
The blast of sand hits the steam dragon but does no damage.
The steam dragon is almost dead.
The steam dragon closely misses you. x2
Casting: Sandblast (safe; 1% risk of failure)
Confirm with . or Enter, or press ? or * to list all spells.
You don't have enough magic to cast this spell.
Unknown command.
You scratch the steam dragon but do no damage.
Your bite misses the steam dragon.
The steam dragon is almost dead.
The steam dragon misses you. x2
You scratch the steam dragon but do no damage.
The steam dragon is almost dead.
You are engulfed in a cloud of scalding steam.
* * * LOW HITPOINT WARNING * * *
The steam dragon misses you. The steam dragon completely misses you.
The steam dragon breathes steam at you. The ball of steam hits you!
You die...

##..z........ #...#........
######)###..###...
#####......##...# #...
##.........)##....# #...
#..##...§.......### #... ###
####............#.## ##.#
§.#####.....##...§......#
.##
<§..z...##......@.)§.#######
#
.§§§D.§.......#..D...####..#
###.....##.##.....$........#
#.#......##...##.####..###
......>......## #...z..##
.........#.#.......##..##
#........#.#...........#
#.###.............#....####
#. ######. .#....###.....#


You could see a steam dragon (catching breath).

Vanquished Creatures
  The ghost of Splishie the Skirmisher, a novice GnWn of Ashenzari (D:4)
  Grinder (D:3)
  Eustachio (D:5)
  Menkaure (D:5)
  Duvessa (D:5)
  2 ice beasts
  A black bear (D:6)
  5 wights (D:6)
  Dowan (D:5)
  5 killer bees (D:5)
  A hound (D:5)
  A jelly (D:5)
  Jessica (D:2)
  4 iguanas
  6 adders
  2 shadow imps (D:5)
  An ufetubus (D:5)
  A worm (D:2)
  A dart slug (D:5)
  9 orcs
  11 endoplasms
  4 giant cockroaches
  10 goblins
  4 hobgoblins
  2 jackals (D:2)
  6 kobolds
  7 quokkas
  10 ball pythons
  8 bats
  A frilled lizard (D:3)
  9 rats
118 creatures vanquished.

Vanquished Creatures (others)
  2 plants (D:2)
2 creatures vanquished.

Grand Total: 120 creatures vanquished

Notes
Turn   | Place    | Note
-------+----------+-------------------------------------------
     0 | D:1      | spardeous the Felid Earth Elementalist began the quest for
                  | the Orb.
     0 | D:1      | Reached XP level 1. HP: 7/7 MP: 4/4
    69 | D:1      | Reached skill level 3 in Dodging
   226 | D:1      | Reached XP level 2. HP: 11/11 MP: 3/6
   864 | D:2      | Noticed Jessica
   873 | D:2      | Killed Jessica
   874 | D:2      | Reached skill level 4 in Dodging
   874 | D:2      | Reached XP level 3. HP: 8/14 MP: 1/7
  1096 | D:2      | Found a faded altar of an unknown god.
  1721 | D:2      | Reached XP level 4. HP: 18/18 MP: 4/8
  1887 | D:3      | Found Woanwauw's Antique Armour Emporium.
  1939 | D:3      | Found a burning altar of Makhleb.
  2313 | D:3      | Noticed Grinder
  2525 | D:3      | Paralysed by Grinder for 4 turns
  2528 | D:3      | Slain by Grinder
  2529 | D:3      | Reached XP level 3. HP: -1/14 MP: 2/7
  2539 | D:3      | Killed Grinder
  2540 | D:3      | Reached skill level 6 in Dodging
  2540 | D:3      | Reached XP level 4. HP: 18/18 MP: 5/8
  2540 | D:3      | Reached XP level 5. HP: 21/21 MP: 5/9
  3262 | D:4      | Noticed Splishie's ghost (novice GnWn)
  3263 | D:4      | Found a runed translucent door.
  3635 | D:4      | Killed Splishie's ghost
  3636 | D:4      | Reached skill level 7 in Dodging
  3636 | D:4      | Reached skill level 5 in Earth Magic
  3636 | D:4      | Gained mutation: You are covered in thick fur. (AC +2)
                  | [Felid growth]
  3636 | D:4      | Reached XP level 6. HP: 24/24 MP: 0/10
  3636 | D:4      | Reached XP level 7. HP: 27/27 MP: 0/11
  4204 | D:5      | Entered Level 5 of the Dungeon
  4204 | D:5      | Noticed Eustachio
  4245 | D:5      | Reached skill level 8 in Dodging
  4477 | D:5      | Killed Eustachio
  4546 | D:5      | Reached skill level 9 in Dodging
  4547 | D:5      | Reached XP level 8. HP: 31/31 MP: 8/12
  4602 | D:5      | Noticed Menkaure
  4671 | D:5      | Killed Menkaure
  4994 | D:5      | Noticed Duvessa
  4995 | D:5      | Noticed Dowan
  5193 | D:5      | Killed Duvessa
  5194 | D:5      | Reached skill level 10 in Dodging
  5195 | D:5      | Killed Dowan
  5882 | D:6      | Slain by a steam dragon
  5883 | D:6      | Reached XP level 7. HP: -3/27 MP: 9/11
  5974 | D:6      | Reached skill level 11 in Dodging
  6019 | D:6      | Reached XP level 8. HP: 27/31 MP: 4/12
  6027 | D:6      | Killed from afar by a steam dragon

Illustrated notes

Levels and vault maps discovered:
D:1:      roderic_crossed_star, layout_loops_cross, hangedman_decor_slide_cut
D:2:      layout_loops_ring, ebering_ecumenical_altar_hall, minivault_27,
          serial_bayou_pond_b, uniq_jessica
D:3:      layout_loops_cross, nicolae_overflow_crystal_walls, serial_shops,
          nicolae_shop_crystal, chequers_avenue, minivault_4, minmay_cupped,
          uniq_grinder
D:4:      layout_loops_ring, hellmonk_ghost_happy_afterlife,
          hangedman_abyss_or_decor_passed, kennysheep_cluttered_room,
          minmay_diced_spiral
D:5:      layout_rooms, uniq_eustachio, uniq_duvessa, uniq_menkaure
D:6:      layout_rooms, minmay_temple_entry_glassed_door,
          uniq_crazy_yiuf_cottage

Skill      XL: |  1  2  3  4  5  6  7  8 |
---------------+-------------------------+-----
Dodging        | 3 4 6 7 11 10 | 11.1
Earth Magic    | 3 4 5 8 7 |  8.1
Stealth        | |  2.6
Spellcasting   | |  2.0
Transmutations | |  1.1

Action                   |  1- 3 |  4- 6 |  7- 9 || total
-------------------------+-------+-------+-------++-------
Melee: Unarmed           |       |       |    16 ||    16
       Bite              |       |       |     2 ||     2
       Punch             |       |       |     1 ||     1
 Cast: Sandblast         |    54 |    98 |   147 ||   299
  Use: Potion            |       |       |     3 ||     3
Armor: Skin              |     1 |     1 |    18 ||    20
Dodge: Dodged            |    16 |    16 |   128 ||   160

Table legend: (Time is in decaauts)
 A = Elapsed time spent in this place.
 B = Non-inter-level travel time spent in this place.
 C = Inter-level travel time spent in this place.
 D = Time resting spent in this place.
 E = Time spent auto-exploring this place.
 F = Levels seen in this place.
 G = Mean time per level.
                   A        B        C        D        E       F      G
               +--------+--------+--------+--------+--------+-----+--------+
         Total |   5456 |   5291 |    165 |    300 |   3656 |   6 |  909.3 |
       Dungeon |   5456 |   5291 |    165 |    300 |   3656 |   6 |  909.3 |
               +--------+--------+--------+--------+--------+-----+--------+

Top non-repeatable levels by time:
     D:5: 1210 daAuts
     D:4: 1163 daAuts
     D:2: 1046 daAuts
     D:3: 990 daAuts
     D:1: 682 daAuts
     D:6: 363 daAuts
